 Dungeon Crawl Stone Soup version 0.31-a0-521-gc7390f8997 (webtiles) character file.

Game seed: 3927254765692550654

1484 randomguy2701 the Thaumaturge (level 8, -13/41 HPs)
             Began as a Deep Elf Necromancer on Aug 10, 2023.
             Mangled by an ogre
             ... wielding a +0 giant club
              (27 damage)
             ... on level 6 of the Dungeon.
             The game lasted 00:16:17 (5858 turns).

randomguy2701 the Thaumaturge (DENe)                Turns: 5858, Time: 00:16:17

Health: -13/41     AC:  5    Str:  5    XL:     8   Next: 50%
Magic:  14/24      EV: 13    Int: 23    God:
Gold:   358        SH:  0    Dex: 15    Spells: 23/27 levels left

rFire   . . .        d - staff of cold
rCold   + . .        (no shield)
rNeg    . . .        a - +0 robe
rPois   .            p - +1 helmet
rElec   .            l - scarf {shadows}
rCorr   .            o - +0 pair of gloves
SInv    .            (no boots)
Will    .....        (no amulet)
Stlth   ++           (no ring)
HPRegen 0.26/turn    (no ring)
MPRegen 0.19/turn

%: no passive effects
@: no status effects
A: no striking features
a: no special abilities


You were on level 6 of the Dungeon.
You visited 2 branches of the dungeon, and saw 10 of its levels.

You collected 358 gold pieces.

Inventory:

Hand Weapons
 x - a +0 orcbow
Armour
 a - a +0 robe (worn)
 l - a scarf of shadows (worn)
 o - a +0 pair of gloves (worn)
 p - a +1 helmet (worn)
Magical Staves
 d - a staff of cold (weapon)
 v - a staff of conjuration
Jewellery
 k - an amulet of faith
Wands
 j - a wand of digging (8)
Scrolls
 c - 4 scrolls of identify {unknown}
 s - 2 scrolls of fear
 t - a scroll of revelation {unknown}
 u - a scroll of noise {unknown}
 w - 2 scrolls of teleportation {unknown}
Potions
 b - 2 potions of magic
 e - 2 potions of degeneration {unknown}
 f - 4 potions of brilliance {unknown}
 g - a potion of mutation {unknown}
 h - 3 potions of heal wounds
 i - a potion of curing {unknown}
 m - 2 potions of lignification {unknown}
 n - a potion of might {unknown}
 q - a potion of haste {unknown}
 r - a potion of invisibility {unknown}


   Skills:
 + Level 0.2 Fighting
 + Level 0.9 Staves
 + Level 3.6 Dodging
 + Level 3.5 Stealth
 + Level 10.1 Spellcasting
 + Level 9.5 Necromancy


You had 23 spell levels left.
You knew the following spells:

 Your Spells              Type           Power      Damage    Failure   Level
a - Necrotise             Necr           100%       1d9       1%          1
b - Vampiric Draining     Necr           53%        2d9       1%          3

Your spell library contained the following spells:

 Spells                   Type           Power      Damage    Failure   Level
 Animate Dead             Necr           53%        N/A       1%          4
 Agony                    Necr           53%        N/A       3%          5
 Haunt                    Necr/Summ      16%        N/A       100%        7
 Infestation              Necr           26%        N/A       100%        8


Dungeon Overview and Level Annotations

Branches:
Dungeon (9/15)             Temple (1/1) D:4
   Lair: D:8-11         Orc: D:9-12

Altars:
Ashenzari
Cheibriados
Dithmenos
Elyvilon
Fedhas
Gozag
Hepliaklqana
Kikubaaqudgha
Makhleb
Nemelex Xobeh
Okawaru
Qazlal
Ru
Trog
Uskayaw
Vehumet
Wu Jian
Xom
Yredelemnul
Zin
The Shining One

Shops:
D:1 [[=[[   D:4 [

Annotations:
D:3 2 transporters, knightboat's ghost, amateur DrSh


Message History

The phantom barely misses you.
You closely miss the phantom.
The phantom is almost destroyed.
The phantom misses you.
You hit the phantom but do no damage.
The phantom is almost destroyed.
The phantom hits you but does no damage.
The phantom hits you.
You closely miss the phantom.
The phantom is almost destroyed.
Your orc skeleton closely misses the phantom.
The phantom hits you.
The phantom blinks!
You blink.
You hit the phantom.
The phantom is almost destroyed.
Your orc skeleton hits the ogre but does no damage.
The phantom hits you. The ogre attacks as you move away!
The ogre barely misses you.
The phantom hits you but does no damage.
You hit the phantom but do no damage.
The phantom is almost destroyed.
Your orc skeleton hits the ogre.
The phantom closely misses you.
You hit the phantom but do no damage.
The phantom is almost destroyed.
Your orc skeleton crumbles into dust!
The phantom closely misses you. The phantom attacks as you move away!
The phantom completely misses you.
You closely miss the phantom.
The phantom is almost destroyed.
The phantom barely misses you. The ogre misses you.
The phantom attacks as you move away!
The phantom hits you but does no damage.
You hit the phantom but do no damage.
The phantom is severely damaged.
The phantom hits you.
The phantom blinks!
You blink.
The phantom hits you.
The phantom hits you but does no damage.
The ogre attacks as you move away!
The ogre hits you with a +0 giant club!!
Ouch! That really hurt!
You die...

............># #####...........#
............## #...............#
...........## #...............#
......##...# #...............#
.......#...#####.....#...<.....#
.###...........#.....#...........
.###...........#.....#...<......#
.##........>....O..............##
###..###........@W....#........#
......##.#..#.#............##S.#
.####.##.#.................# #..
#.##.##.#...#........... .
#.##.##.#...#####.......
#..#.##......# ...
###...##..###.....
##.....##.........#
.............#####..


You could see an ogre and a phantom.

Vanquished Creatures
  4 water moccasins
  An orc warrior (D:6)
  An ice beast (D:8)
  A centaur (D:8)
  A phantom (D:6)
  A scorpion (D:6)
  A jelly (D:8)
  2 orc priests (D:5)
  2 hounds (D:6)
  An iguana (D:6)
  A sleepcap (D:4)
  Terence (D:3)
  8 orc wizards
  Robin (D:3)
  A gnoll (D:8)
  9 adders
  A white imp (D:8)
  4 dart slugs
  26 orcs
  7 ball pythons
  2 bats
  7 endoplasms
  3 giant cockroaches
  15 goblins
  10 hobgoblins
  2 quokkas
  2 frilled lizards
  2 kobolds
  7 rats
124 creatures vanquished.

Vanquished Creatures (collateral kills)
  A bat (D:3)
  A goblin (D:3)
  A rat (D:2)
3 creatures vanquished.

Vanquished Creatures (others)
  An adder (D:4)
1 creature vanquished.

Grand Total: 128 creatures vanquished

Notes
Turn   | Place    | Note
-------+----------+-------------------------------------------
     0 | D:1      | randomguy2701 the Deep Elf Necromancer began the quest for
                  | the Orb.
     0 | D:1      | Reached XP level 1. HP: 10/10 MP: 6/6
    80 | D:1      | Reached skill level 5 in Necromancy
    91 | D:1      | Found Ulyt's Antique Armour Shoppe.
   114 | D:1      | Found Voarhymm's Jewellery Emporium.
   216 | D:1      | Found Hikuudu's Armour Shoppe.
   264 | D:1      | Reached XP level 2. HP: 15/15 MP: 5/8
   351 | D:1      | Found Vellefei's Antique Armour Emporium.
   480 | D:1      | Found Gaplatradd's Antique Armour Emporium.
   914 | D:1      | Reached XP level 3. HP: 19/19 MP: 8/10
  1607 | D:2      | Reached skill level 4 in Spellcasting
  1748 | D:3      | Found a transporter.
  1770 | D:3      | Found a transporter.
  1770 | D:3      | Noticed an ogre
  1771 | D:3      | Noticed knightboat's ghost (amateur DrSh)
  1774 | D:3      | Identified the +6 great mace "Asiam" {flame, rElec rPois
                  | Str-5 Int+3}
  1774 | D:3      | Noticed an ogre
  1868 | D:3      | Noticed Robin
  1908 | D:3      | Reached XP level 4. HP: 14/24 MP: 0/12
  2023 | D:3      | Found a faded altar of an unknown god.
  2028 | D:3      | Found a white marble altar of Elyvilon.
  2177 | D:3      | Killed Robin
  2314 | D:3      | Noticed Terence
  2319 | D:3      | Killed Terence
  2320 | D:3      | Reached skill level 5 in Spellcasting
  2534 | D:3      | Learned a level 3 spell: Vampiric Draining
  2629 | D:4      | Reached XP level 5. HP: 28/28 MP: 10/14
  3054 | D:4      | Found Misey's Antique Armour Shop.
  3258 | D:4      | Reached skill level 6 in Spellcasting
  3337 | D:4      | Reached XP level 6. HP: 31/32 MP: 14/17
  3492 | D:4      | Found a staircase to the Ecumenical Temple.
  3701 | Temple   | Entered the Ecumenical Temple
  3803 | D:5      | Entered Level 5 of the Dungeon
  3943 | D:5      | Noticed a water moccasin
  3956 | D:5      | Killed a water moccasin
  3957 | D:5      | Reached skill level 7 in Spellcasting
  4249 | D:5      | Reached XP level 7. HP: 20/36 MP: 12/20
  4438 | D:5      | Reached skill level 8 in Spellcasting
  4828 | D:6      | Reached skill level 9 in Spellcasting
  4966 | D:6      | Reached XP level 8. HP: 37/41 MP: 12/23
  5134 | D:6      | You fall into a shaft and drop 3 floors!
  5147 | D:9      | Noticed a troll
  5772 | D:6      | Reached skill level 10 in Spellcasting
  5858 | D:6      | Mangled by an ogre

Illustrated notes

Levels and vault maps discovered:
D:1:      lemuel_arrival_lava_pool, layout_basic, serial_shops, shop,
          nicolae_shop_dealshenge, shop, shop, nicolae_shop_gaudy_bauble
D:2:      layout_basic
D:3:      layout_rooms, nicolae_overflow_ecumenical_swirl,
          gammafunk_ghost_smash, minmay_diced_spiral, uniq_robin, uniq_terence
D:4:      layout_basic, lemuel_temple_firewalk_b, serial_shops,
          nicolae_shop_crystal
D:5:      layout_rooms, feat_on_display
D:6:      layout_rooms
D:7:      layout_cave_pods, uniq_maggie
D:8:      layout_cave_pods, nicolae_letterblocks [nicolae_letter_subblock,
          nicolae_letter_subblock, nicolae_letter_subblock,
          nicolae_letter_subblock, nicolae_letter_subblock,
          nicolae_letter_subblock, nicolae_letter_subblock,
          nicolae_letter_subblock, nicolae_letter_subblock,
          nicolae_letter_subblock, nicolae_letter_subblock,
          nicolae_letter_subblock, nicolae_letter_subblock,
          nicolae_letter_subblock, nicolae_letter_subblock,
          nicolae_letter_subblock, nicolae_letter_subblock,
          nicolae_letter_subblock, nicolae_letter_subblock,
          nicolae_letter_subblock, nicolae_letter_subblock,
          nicolae_letter_subblock, nicolae_letter_subblock,
          nicolae_letter_subblock, nicolae_letter_subblock]
D:9:      lemuel_ice_statue, layout_basic, mainiacjoe_overflow_six_doors_small,
          david_lair_shrubbed, uniq_harold
Temple:   nicolae_temple_slightly_damp_pantheon

Skill      XL: |  1  2  3  4  5  6  7  8 |
---------------+-------------------------+-----
Necromancy     | 5 6 7 8 9 |  9.5
Spellcasting   | 4 5 6 7 9 10 | 10.1
Stealth        | 3 |  3.5
Dodging        | 3 |  3.6
Fighting       | |  0.2
Staves         | |  0.9

Action                     |  1- 3 |  4- 6 |  7- 9 || total
---------------------------+-------+-------+-------++-------
  Melee: Unarmed           |     1 |       |       ||     1
         Staff             |     1 |     1 |    97 ||    99
         Punch             |       |       |     1 ||     1
   Cast: Necrotise         |    76 |   121 |    73 ||   270
         Vampiric Draining |       |     2 |    14 ||    16
    Use: Scroll            |     3 |       |       ||     3
         Potion            |       |       |     2 ||     2
   Stab: Distracted        |       |       |     1 ||     1
 Armour: Robe              |     6 |     3 |    34 ||    43
  Dodge: Dodged            |    14 |    21 |   103 ||   138

Table legend: (Time is in decaauts)
 A = Elapsed time spent in this place.
 B = Non-inter-level travel time spent in this place.
 C = Inter-level travel time spent in this place.
 D = Time resting spent in this place.
 E = Time spent auto-exploring this place.
 F = Levels seen in this place.
 G = Mean time per level.
                   A        B        C        D        E       F      G
               +--------+--------+--------+--------+--------+-----+--------+
         Total |   5877 |   5477 |    400 |    150 |   4239 |  10 |  587.7 |
       Dungeon |   5875 |   5476 |    399 |    150 |   4239 |   9 |  652.8 |
        Temple |      1 |      0 |      1 |      0 |      0 |   1 |    1.0 |
               +--------+--------+--------+--------+--------+-----+--------+

Top non-repeatable levels by time:
     D:4: 1127 daAuts
     D:1: 1105 daAuts
     D:5: 997 daAuts
     D:3: 928 daAuts
     D:2: 641 daAuts
     D:6: 450 daAuts
     D:8: 438 daAuts
     D:7: 157 daAuts
     D:9: 28 daAuts
  Temple: 1 daAuts
